 Dungeon Crawl Stone Soup version 0.20-a0-441-g89e74e4 (webtiles) character file.

192 Kriby the Magician (level 5, -7/35 HPs)
             Began as a Mummy Fire Elementalist on Jan 6, 2017.
             Mangled by a crimson imp
             ... wielding a +1 dagger of chaos
              (16 damage)
             ... on level 3 of the Dungeon.
             The game lasted 00:06:10 (11604 turns).

Kriby the Magician (Mummy Fire Elementalist)       Turns: 11604, Time: 00:06:11

Health: -7/35      AC:  4    Str: 14    XL:     5   Next: 42%
Magic:  3/12       EV: 12    Int: 15    God:
Gold:   100        SH:  0    Dex: 12    Spells: 3/14 levels left

rFire  x . .     SeeInvis .     c - +0 short sword
rCold  + . .     Gourm    .     a - +0 robe
rNeg   + + +     Faith    .     (no shield)
rPois  ∞         Spirit   .     (no helmet)
rElec  .         Reflect  .     e - +0 cloak
rCorr  .         Harm     .     l - +0 pair of gloves
MR     .....                    (no boots)
Stlth  ++........               (no amulet)
                                (no ring)
                                j - +2 ring of strength

@: no status effects
A: no food or potions, fire vulnerability, cold resistance 1, negative energy
resistance 3, torment resistance, unbreathing
a: no special abilities


You were on level 3 of the Dungeon.
You were not hungry.

You visited 1 branch of the dungeon, and saw 3 of its levels.

You collected 100 gold pieces.

Inventory:

Hand Weapons
 c - a +0 short sword (weapon)
Missiles
 m - a tomahawk of returning (quivered)
Armour
 a - a +0 robe (worn)
 e - a +0 cloak (worn)
 l - a +0 pair of gloves (worn)
Jewellery
 j - a +2 ring of strength (left hand)
Scrolls
 d - 2 scrolls of immolation {unknown}
 f - 4 scrolls of teleportation {unknown}
 h - a scroll of enchant armour {unknown}
 i - a scroll of enchant weapon {unknown}
 k - a scroll of identify {unknown}
Books
 b - a book of Flames

   Spells                             Type                      Level
   a - Flame Tongue                   Conjuration/Fire             1
   b - Throw Flame                    Conjuration/Fire             2
   c - Conjure Flame                  Conjuration/Fire             3
   d - Inner Flame                    Hexes/Fire                   3
   e - Sticky Flame                   Conjuration/Fire             4
   f - Fireball                       Conjuration/Fire             5
 g - a book of Minor Magic

   Spells                             Type                      Level
   a - Magic Dart                     Conjuration                  1
   b - Blink                          Translocation                2
   c - Call Imp                       Summoning                    2
   d - Repel Missiles                 Charms/Air                   2
   e - Slow                           Hexes                        2
   f - Conjure Flame                  Conjuration/Fire             3
   g - Mephitic Cloud                 Conjuration/Poison/Air       3


   Skills:
 - Level 1.5 Dodging
 - Level 1.5 Stealth
 * Level 5.2 Spellcasting
 * Level 2.8 Conjurations
 + Level 2.8 Fire Magic


You had 3 spell levels left.
You knew the following spells:

 Your Spells              Type           Power        Failure   Level  Hunger
a - Flame Tongue          Conj/Fire      ##...        6%          1    N/A
b - Conjure Flame         Conj/Fire      ##......     17%         3    N/A
c - Sticky Flame          Conj/Fire      ##......     54%         4    N/A
d - Throw Flame           Conj/Fire      ##....       10%         2    N/A
e - Magic Dart            Conj           ##..         6%          1    N/A

Dungeon Overview and Level Annotations

Branches:
Dungeon (3/15)

Altars:
Xom


Innate Abilities, Weirdness & Mutations

You do not eat or drink.
Your flesh is vulnerable to fire.
You are immune to poison.
Your flesh is cold resistant. (rC+)
You are immune to negative energy. (rN+++)
You are immune to unholy pain and torment.
You can survive without breathing.


Message History

You hit the crimson imp.
The crimson imp is moderately wounded.
The crimson imp blinks!
You closely miss the crimson imp. The crimson imp barely misses you.
You hit the crimson imp but do no damage.
The crimson imp barely misses you.
You closely miss the crimson imp.
The crimson imp hits you but does no damage.
The crimson imp hits you with a dagger of chaos.
You closely miss the crimson imp.
The crimson imp hits you with a dagger of chaos.
You convulse.
* * * LOW HITPOINT WARNING * * *
You barely miss the crimson imp.
The crimson imp hits you but does no damage.
You hit the crimson imp.
The crimson imp is moderately wounded.
The crimson imp hits you but does no damage.
You are electrocuted!
You die...

##### ....# ###.#
##5## ##.#.####
..###...#
...#.##.##########
....###.(....(...#
....[###########@#
......## #5#
........# #.#
......#.## #>#
...#.#...# #.#
...#.#...# #.#
.........### ...
#).......... ###
#.....<.....


You could see a crimson imp.

Vanquished Creatures
  5 adders
  4 oozes
  4 worms
  7 dart slugs
  3 leopard geckos
  2 orcs (D:3)
  2 giant cockroaches
  6 goblins
  9 hobgoblins
  13 jackals
  12 kobolds
  3 quokkas
  A ball python (D:3)
  14 bats
  4 frilled lizards
  10 rats
99 creatures vanquished.

Vanquished Creatures (others)
  A kobold (D:1)
1 creature vanquished.

Grand Total: 100 creatures vanquished

Notes
Turn   | Place    | Note
-------+----------+-------------------------------------------
     0 | D:1      | Kriby the Mummy Fire Elementalist began the quest for the Orb.
     0 | D:1      | Reached XP level 1. HP: 13/13 MP: 4/4
   121 | D:1      | Reached skill level 1 in Conjurations
   173 | D:1      | Reached skill level 3 in Spellcasting
   173 | D:1      | Reached XP level 2. HP: 11/19 MP: 0/6
   848 | D:1      | Reached XP level 3. HP: 16/24 MP: 0/8
  1425 | D:1      | Reached skill level 4 in Spellcasting
  2523 | D:1      | Learned a level 3 spell: Conjure Flame
  4879 | D:1      | Reached XP level 4. HP: 30/30 MP: 3/10
  5209 | D:1      | Noticed a centaur
  7114 | D:2      | Reached XP level 5. HP: 34/35 MP: 7/12
 10290 | D:2      | Reached skill level 5 in Spellcasting
 10950 | D:2      | Noticed a fire dragon
 10958 | D:3      | Learned a level 4 spell: Sticky Flame
 10961 | D:3      | Learned a level 2 spell: Throw Flame
 11476 | D:3      | Found a shimmering altar of Xom.
 11485 | D:3      | Paralysed by a crimson imp for 3 turns
 11564 | D:3      | Learned a level 1 spell: Magic Dart
 11604 | D:3      | Mangled by a crimson imp

Vault maps used:
D:1:      saegor_arrival_miasma
D:2:      first_bread
D:3:      chequers_ecumenical_altar_twisty, led_xom_imps

Skill      XL: |  1  2  3  4  5 |
---------------+----------------+-----
Conjurations   | 1 2 |  2.8
Spellcasting   | 3 4 5 |  5.2
Dodging        | |  1.5
Stealth        | |  1.5
Fire Magic     | |  2.8

Action                   |  1- 3 |  4- 6 || total
-------------------------+-------+-------++-------
Melee: Short sword       |    32 |    19 ||    51
Throw: Tomahawk          |       |     6 ||     6
 Cast: Flame Tongue      |    78 |   132 ||   210
       Magic Dart        |       |    13 ||    13
Armor: Robe              |    29 |    19 ||    48
Dodge: Dodged            |    42 |    62 ||   104
